 Dungeon Crawl Stone Soup version 0.30-a0-860-g512cf1e979 (webtiles) character file.

Game seed: 12014139655401483252

5385 FexLirch the Grappler (level 10, -1/98 HPs)
             Began as a Troll Gladiator on Mar 8, 2023.
             Was an Elder of Elyvilon.
             Slain by a troll (8 damage)
             ... on level 9 of the Dungeon.
             The game lasted 00:22:16 (7763 turns).

FexLirch the Grappler (Troll Gladiator)             Turns: 7763, Time: 00:22:17

Health: -1/98      AC:  4    Str: 28    XL:     10   Next: 39%
Magic:  8/12       EV: 11    Int: 10    God:    Elyvilon [****..]
Gold:   213        SH:  0    Dex: 11    Spells: 7/9 levels left

rFire   . . .      SeeInvis .      - Unarmed
rCold   + . .      Faith    .    (no shield)
rNeg    . . .      Spirit   .    a - +0 animal skin
rPois   .          Reflect  .    b - +0 hat
rElec   .          Rampage  .    (no cloak)
rCorr   .                        (gloves unavailable)
Will    .....                    (boots unavailable)
Stlth   +                        F - amulet of regeneration
HPRegen 1.96/turn                g - +6 ring of intelligence
MPRegen 0.13/turn                y - ring of protection from cold

@: no status effects
A: large, unfitting armour, claws 3, regeneration 1, shaggy fur 1, tough skin 1
a: Renounce Religion, Purification, Heal Other, Heal Self


You were on level 9 of the Dungeon.
You worshipped Elyvilon.
Elyvilon was greatly pleased with you.
You visited 1 branch of the dungeon, and saw 9 of its levels.

You collected 475 gold pieces.
You spent 262 gold pieces at shops.

Inventory:

Hand Weapons
 p - the +8 sling "Saximib" {heavy, rF+}
   (You took it off an orc on level 7 of the Dungeon)

   rF:        It protects you from fire.
Missiles
 c - 2 throwing nets
 f - 97 stones
 q - 24 poisoned darts
 t - 4 atropa-tipped darts
 C - a large rock
 E - 2 curare-tipped darts
 M - 10 boomerangs (quivered)
Armour
 a - a +0 animal skin (worn)
 b - a +0 hat (worn)
Magical Staves
 r - a staff of air
Jewellery
 g - a +6 ring of intelligence (left claw)
 y - a ring of protection from cold (right claw)
 F - an amulet of regeneration (around neck)
 H - a ring of magical power
Wands
 o - a wand of flame (39)
 I - a wand of charming (5)
Scrolls
 e - 2 scrolls of identify
 h - 3 scrolls of immolation
 j - 2 scrolls of fog
 l - 2 scrolls of fear {unknown}
 m - 6 scrolls of teleportation
 s - a scroll of silence {unknown}
 u - 4 scrolls of vulnerability {unknown}
 v - a scroll of butterflies {unknown}
 w - a scroll of poison
 z - a scroll of enchant armour {unknown}
 B - a scroll of blinking
 D - a scroll of noise {unknown}
 G - a scroll of magic mapping {unknown}
Potions
 d - a potion of haste
 i - a potion of resistance
 k - a potion of heal wounds
 n - 6 potions of curing
 x - a potion of invisibility
 A - 2 potions of might
 J - a potion of mutation {unknown}
 K - 2 potions of flight
 L - 3 potions of degeneration {unknown}
 N - 2 potions of berserk rage {unknown}


   Skills:
 + Level 5.7 Fighting
 + Level 1.7 Ranged Weapons
 - Level 1.7 Throwing
 + Level 6.0 Dodging
 * Level 9.9 Unarmed Combat
 + Level 4.2 Transmutations
 + Level 4.2 Invocations


You had 7 spell levels left.
You knew the following spells:

 Your Spells              Type           Power      Damage    Failure   Level
a - Wereblood             Tmut           8%         N/A       10%         2

Your spell library contained the following spells:

 Spells                   Type           Power      Damage    Failure   Level
 Passwall                 Tmut/Erth      3%         N/A       24%         2
 Sandblast                Erth           0%         2d4       36%         1
 Spider Form              Tmut/Pois      4%         N/A       43%         3
 Ensorcelled Hibernation  Hex/Ice        0%         N/A       50%         2
 Scorch                   Fire           0%         2d5       50%         2
 Sublimation of Blood     Necr           0%         N/A       50%         2
 Portal Projectile        Hex/Tloc       0%         N/A       75%         3
 Stone Arrow              Conj/Erth      0%         3d7       75%         3
 Summon Guardian Golem    Hex/Summ       0%         N/A       75%         3
 Tukima's Dance           Hex            0%         N/A       75%         3
 Blade Hands              Tmut           4%         N/A       88%         5
 Anguish                  Hex/Necr       0%         N/A       98%         4
 Flame Wave               Conj/Fire      0%         2d4       98%         4
 Summon Cactus Giant      Summ           0%         N/A       100%        6
 Orb of Destruction       Conj           0%         9d5       100%        7
 Spellforged Servitor     Conj/Summ      0%         N/A       100%        7
 Summon Hydra             Summ           0%         N/A       100%        7


Dungeon Overview and Level Annotations

Branches:
Dungeon (9/15)             Temple (0/1) D:6
   Lair: D:8-11         Orc: D:9-12

Altars:
Ashenzari
Elyvilon
Fedhas
Gozag
Kikubaaqudgha
Nemelex Xobeh
Ru
Trog
Uskayaw
Wu Jian

Shops:
D:5 ?   D:6 !

Annotations:
D:4 3 runed translucent doors, bmack86's ghost, amateur MiFi
D:7 exclusion: door


Innate Abilities, Weirdness & Mutations

You are too large for most types of armour.
You have claws for hands.
Your natural rate of healing is unusually fast.
You are covered in fur. (AC +1)
You have tough skin. (AC +1)


Message History

Press: ? - help, Dir - move target, f - shadow, p - wolf Heal: a shadow (chance to pacify: 66%)
The shadow turns neutral.
Grum barely misses you. Grum hits you with a +1 heavy halberd!
You claw Grum! x2
Grum is almost dead.
You closely miss Grum.
Grum is almost dead.
Grum misses you.
You mangle Grum!!
You kill Grum!
The wolf closely misses you.
Press: ? - help, Dir - move target, f - wolf, p - shadow Heal: a wolf (chance to pacify: 76%)
The wolf turns neutral.
The wolf barely misses you. The troll bites you. The troll barely misses you.
The troll claws you. The wolf bites you but does no damage.
You barely miss the troll. The wolf bites you. The troll bites you.
The troll claws you. The troll claws you!
You scratch the troll.
The troll is lightly wounded.
The wolf bites you.
The shadow closely misses the troll.
You closely miss the troll.
The troll is lightly wounded.
The wolf barely misses you. The troll closely misses you. The troll claws you!
The troll barely misses you.
The shadow closely misses the troll.
The wolf closely misses you.
You scratch the troll but do no damage.
The troll is lightly wounded.
The wolf bites you. The troll barely misses you. The troll claws you! x2
The shadow closely misses the troll.
You claw the troll!
The troll is heavily wounded.
The wolf bites you!
* * * LOW HITPOINT WARNING * * *
The troll bites you!
* * * LOW HITPOINT WARNING * * *
The troll claws you!
You die...

#.........
#........#....#
#........#....
#..<.....#...
....#.. #.#..T#
#W#h..# #T#g≈.#
#@#.≈.# .
######h#.≈.###.#
..........≈......
#.######....##.##
#....##.# #.._.##.#
#....##.#
###....##.#########
......≈............#


You could see a troll, a neutral shadow (wandering) and a neutral wolf
(wandering).

Vanquished Creatures
  A two-headed ogre (D:6)
  Grum (D:9)
  4 vampire mosquitoes (D:8)
  4 water moccasins
  3 orc warriors
  4 black bears
  4 ogres
  2 centaurs
  A phantom (D:3)
  4 kobold brigands
  4 bullfrogs
  A scorpion (D:7)
  4 wights
  4 killer bees (D:9)
  7 hounds
  3 jellies
  A gnoll bouda (D:8)
  2 iguanas
  An orc priest (D:7)
  Ijyb (D:3)
  Natasha (thrice) (D:2)
  Terence (D:2)
  3 sleepcaps
  4 orc wizards
  Robin (D:3)
  9 adders
  8 gnolls
  A shadow imp (D:5)
  2 white imps (D:6)
  An ufetubus (D:5)
  A worm (D:4)
  A dart slug (D:3)
  49 orcs
  7 ball pythons
  5 endoplasms
  4 giant cockroaches
  9 goblins
  5 hobgoblins
  4 jackals
  23 kobolds
  3 quokkas
  2 bats
  A frilled lizard (D:2)
  6 rats
  A bush (D:8)
210 creatures vanquished.

Vanquished Creatures (others)
  2 orc warriors (D:8)
  An orc priest (D:8)
  2 orcs (D:8)
  11 fungi (D:7)
  4 toadstools (D:7)
20 creatures vanquished.

Grand Total: 230 creatures vanquished

Notes
Turn   | Place    | Note
-------+----------+-------------------------------------------
     0 | D:1      | FexLirch the Troll Gladiator began the quest for the Orb.
     0 | D:1      | Reached XP level 1. HP: 19/19 MP: 0/0
   152 | D:1      | Found a faded altar of an unknown god.
   270 | D:1      | Reached XP level 2. HP: 26/28 MP: 1/1
   712 | D:2      | Noticed Terence
   725 | D:2      | Killed Terence
   726 | D:2      | Reached XP level 3. HP: 22/35 MP: 2/2
   739 | D:2      | Noticed Natasha
   761 | D:2      | Killed Natasha
   762 | D:2      | Reached skill level 4 in Unarmed Combat
   885 | D:2      | Noticed Natasha
   892 | D:2      | Reached XP level 4. HP: 42/42 MP: 3/3
   904 | D:2      | Killed Natasha
  1178 | D:2      | Noticed Natasha
  1197 | D:2      | Killed Natasha
  1198 | D:2      | Reached XP level 5. HP: 45/50 MP: 4/4
  1490 | D:3      | Noticed Robin
  1512 | D:3      | Killed Robin
  1599 | D:3      | Noticed Ijyb
  1605 | D:3      | Killed Ijyb
  1621 | D:3      | Reached skill level 5 in Unarmed Combat
  1659 | D:3      | Found a white marble altar of Elyvilon.
  1666 | D:3      | Found an ancient bone altar of Kikubaaqudgha.
  1668 | D:3      | Found a sacrificial altar of Ru.
  1668 | D:3      | Found an ornate altar of the Wu Jian Council.
  1677 | D:3      | Became a worshipper of Elyvilon the Healer
  1733 | D:3      | Found a broken altar of Ashenzari.
  1763 | D:3      | Noticed a phantom
  1778 | D:3      | Killed a phantom
  1779 | D:3      | Reached XP level 6. HP: 52/59 MP: 5/5
  2247 | D:4      | Learned a level 2 spell: Wereblood
  2406 | D:4      | Reached * piety under Elyvilon
  2439 | D:4      | Found a runed translucent gate.
  2439 | D:4      | Found a runed translucent gate.
  2439 | D:4      | Found a runed translucent gate.
  2450 | D:4      | Noticed bmack86's ghost (amateur MiFi)
  2640 | D:5      | Entered Level 5 of the Dungeon
  3101 | D:5      | Noticed a water moccasin
  3103 | D:5      | Killed a water moccasin
  3104 | D:5      | Reached skill level 1 in Transmutations
  3104 | D:5      | Reached XP level 7. HP: 67/67 MP: 6/6
  3132 | D:5      | Reached skill level 6 in Unarmed Combat
  3347 | D:5      | Reached ** piety under Elyvilon
  3444 | D:5      | Found The Oracle's Delphic Readings.
  3460 | D:5      | Bought a scroll of blinking for 97 gold pieces
  3460 | D:5      | Bought a scroll of teleportation for 39 gold pieces
  3460 | D:5      | Bought a scroll of identify for 26 gold pieces
  3653 | D:6      | Reached skill level 7 in Unarmed Combat
  3653 | D:6      | Reached XP level 8. HP: 25/78 MP: 7/7
  3655 | D:6      | Found a staircase to the Ecumenical Temple.
  3766 | D:6      | Found Gomep's Distillery.
  3824 | D:6      | Bought a potion of haste for 100 gold pieces
  3962 | D:6      | Reached skill level 1 in Invocations
  4111 | D:6      | Reached *** piety under Elyvilon
  4614 | D:6      | Noticed a two-headed ogre
  4732 | D:6      | Reached skill level 8 in Unarmed Combat
  4830 | D:6      | Reached skill level 5 in Dodging
  4864 | D:6      | Killed a two-headed ogre
  4865 | D:6      | Reached XP level 9. HP: 43/87 MP: 6/10
  5365 | D:7      | Found a sparkling altar of Nemelex Xobeh.
  5365 | D:7      | Found an opulent altar of Gozag.
  5419 | D:7      | Reached skill level 5 in Fighting
  5716 | D:7      | Found a hide-covered altar of Uskayaw.
  5843 | D:7      | Identified the +8 sling "Saximib" {heavy, rF+}
  5920 | D:7      | Reached skill level 9 in Unarmed Combat
  6526 | D:8      | Reached **** piety under Elyvilon
  6865 | D:8      | Reached skill level 1 in Ranged Weapons
  6944 | D:8      | Reached XP level 10. HP: 75/96 MP: 8/11
  7310 | D:8      | Found a blossoming altar of Fedhas.
  7736 | D:9      | Found a bloodstained altar of Trog.
  7744 | D:9      | Noticed Grum
  7757 | D:9      | Killed Grum
  7763 | D:9      | Slain by a troll

Illustrated notes

Levels and vault maps discovered:
D:1:      tarquinn_simple_flora_water_e, layout_basic,
          shapermc_ecumenical_altar_flowoftime, nicolae_hexahallways
D:2:      layout_loops_cross, uniq_terence, uniq_natasha
D:3:      layout_loops_ring, evilmike_ruin_ashenzari,
          grunt_temple_overflow_open, wad_floor_pattern_untrapped,
          minmay_misc_feat_five, uniq_robin, uniq_ijyb
D:4:      layout_loops_ring, ebering_ghost_rock_garden
D:5:      layout_cave_pools, nicolae_nh_oracle_at_delphi
D:6:      nicolae_cairo_tiling_large, layout_cave_pods,
          minmay_temple_entry_tees, serial_shops, nicolae_diamond_shop
D:7:      cheibrodos_fertilizer, layout_loops_corners,
          grunt_temple_overflow_opulence, overflow_temple_1_default,
          kennysheep_generic_room_7
D:8:      black_bear_nest_1, layout_loops_cross, fedhas_bush_and_centaur_altar,
          special_room [special_room_orc], minmay_stone_trees_small,
          hangedman_decor_lopped, grunt_ministairs_9
D:9:      layout_small_grid, mainiacjoe_overflow_boulevard,
          general_overflow_altar, serial_shops, shop, uniq_grum

Skill      XL: |  1  2  3  4  5  6  7  8  9 10 |
---------------+-------------------------------+-----
Fighting       | 2 3 4 5 |  5.7
Unarmed Combat | 4 5 7 8 9 |  9.9
Dodging        | 3 4 5 6 |  6.0
Transmutations | 1 2 3 4 |  4.2
Invocations    | 2 3 4 |  4.2
Ranged Weapons | 1 |  1.7
Throwing       | |  1.7

Action                     |  1- 3 |  4- 6 |  7- 9 | 10-12 || total
---------------------------+-------+-------+-------+-------++-------
  Melee: Unarmed           |    43 |   188 |   273 |   112 ||   616
         Punch             |       |       |    13 |     4 ||    17
   Fire: Sling             |       |       |    27 |       ||    27
  Throw: Throwing net      |     1 |       |       |       ||     1
         Large rock        |       |     1 |     2 |       ||     3
         Dart              |       |       |     6 |     3 ||     9
         Boomerang         |       |       |       |     1 ||     1
   Cast: Wereblood         |       |       |    10 |     3 ||    13
 Invoke: Heal Self         |       |       |     2 |       ||     2
         Heal Other        |       |       |     1 |     5 ||     6
  Evoke: Wand              |       |     2 |       |       ||     2
    Use: Potion            |       |     1 |     1 |       ||     2
         Scroll            |       |       |     7 |       ||     7
   Stab: Sleeping          |     1 |     1 |       |       ||     2
         Held in net/web   |     1 |       |       |       ||     1
         Distracted        |       |     1 |       |       ||     1
 Armour: Robe              |     8 |    35 |       |       ||    43
         Skin              |       |     1 |       |       ||     1
         Animal skin       |       |    30 |    65 |    11 ||   106
  Dodge: Dodged            |    18 |    76 |   164 |    61 ||   319

Table legend: (Time is in decaauts)
 A = Elapsed time spent in this place.
 B = Non-inter-level travel time spent in this place.
 C = Inter-level travel time spent in this place.
 D = Time resting spent in this place.
 E = Time spent auto-exploring this place.
 F = Levels seen in this place.
 G = Mean time per level.
                   A        B        C        D        E       F      G
               +--------+--------+--------+--------+--------+-----+--------+
         Total |   7716 |   7191 |    525 |    101 |   5390 |   9 |  857.3 |
       Dungeon |   7716 |   7191 |    525 |    101 |   5390 |   9 |  857.3 |
               +--------+--------+--------+--------+--------+-----+--------+

Top non-repeatable levels by time:
     D:7: 1451 daAuts
     D:6: 1417 daAuts
     D:8: 1078 daAuts
     D:4: 850 daAuts
     D:2: 821 daAuts
     D:3: 738 daAuts
     D:1: 643 daAuts
     D:5: 606 daAuts
     D:9: 108 daAuts
